 Dungeon Crawl Stone Soup version 0.29.1-15-g9cfb28693d (webtiles) character file.

Game seed: 10857677745241260409

830 MisterFreud the Nimble (level 7, -7/49 HPs)
             Began as a Felid Berserker on Feb 27, 2023.
             Was a Priest of Trog.
             Mangled by a hornet zombie (10 damage)
             ... in an ossuary.
             The game lasted 00:05:10 (5767 turns).

MisterFreud the Nimble (Felid Berserker)            Turns: 5767, Time: 00:05:11

Health: -7/49      AC:  2    Str: 13    XL:     7   Next: 65%
Magic:  8/8        EV: 24    Int:  8    God:    Trog [***...]
Gold:   255        SH:  0    Dex: 18    Spells: 6/6 levels left
                                        Lives:  0   Deaths: 2

rFire   . . .      SeeInvis +     - Unarmed
rCold   . . .      Faith    .   (shield unavailable)
rNeg    . . .      Spirit   .   (body armour unavailable)
rPois   .          Reflect  .   (helmet unavailable)
rElec   .          Harm     .   (cloak unavailable)
rCorr   .          Rampage  .   (gloves unavailable)
Will    +....                   (boots unavailable)
Stlth   ..........              (no amulet)
HPRegen 0.16/turn               (no ring)
MPRegen 0.11/turn               (no ring)

@: berserking, very quick
A: very small, claws 1, fangs 3, see invisible, speed 1, shaggy fur 2, stealthy
paws, no weapons or thrown items, no armour, multi-lived
a: Renounce Religion, Berserk, Trog's Hand


You were in an ossuary.
You worshipped Trog.
Trog was most pleased with you.
You visited 1 branch of the dungeon, and saw 5 of its levels.
You also visited: Ossuary.

You collected 255 gold pieces.

Inventory:

Jewellery
 c - a +6 ring of dexterity
 g - an amulet of magic regeneration
Wands
 j - a wand of flame (15)
 n - a wand of roots (11)
Scrolls
 a - 2 scrolls of teleportation
 b - 4 scrolls of vulnerability
 k - a scroll of blinking
Potions
 d - 3 potions of curing
 e - a potion of invisibility {unknown}
 f - 2 potions of heal wounds {unknown}
 h - a potion of resistance {unknown}
 i - 3 potions of might {unknown}
 l - a potion of lignification {unknown}
 m - 2 potions of brilliance {unknown}
 o - 2 potions of mutation {unknown}
 p - a potion of degeneration {unknown}


   Skills:
 + Level 4.4 Fighting
 - Level 10.0 Dodging
 - Level 6.0 Stealth
 - Level 6.0 Unarmed Combat


You had 6 spell levels left.
You didn't know any spells.
Your spell library was empty.

Dungeon Overview and Level Annotations

Branches:
Dungeon (5/15)            Ossuary (1/1)
 Temple: D:4-7

Altars:


Innate Abilities, Weirdness & Mutations

You have sharp claws.
You have razor-sharp teeth.
You have supernaturally acute eyesight. (SInv)
You cover ground quickly. (Speed+)
You are covered in thick fur. (AC +2)
Your paws help you pounce on unaware monsters.
You are incapable of wielding weapons or throwing items.
You cannot wear armour.
You gain extra lives every three experience levels.


Message History

You bite the killer bee zombie, but do no damage.
The killer bee zombie is severely damaged.
The killer bee zombie misses you. x2
You claw the killer bee zombie!
You destroy the killer bee zombie!
Trog accepts your kill.
You start resting.
A hornet zombie comes into view.
A hornet zombie is nearby!
You start resting.
A hornet zombie is nearby!
You claw the hornet zombie!
The hornet zombie is lightly damaged.
The hornet zombie misses you.
You barely miss the hornet zombie.
The hornet zombie is lightly damaged.
The hornet zombie hits you!
* * * LOW HITPOINT WARNING * * *
You claw the hornet zombie!
The hornet zombie is moderately damaged.
The hornet zombie misses you.
You claw the hornet zombie!
The hornet zombie is heavily damaged.
The hornet zombie completely misses you.
A red film seems to cover your vision as you go berserk!
You feel yourself moving faster!
You feel mighty! The hornet zombie hits you.
* * * LOW HITPOINT WARNING * * *
The hornet zombie misses you.
You claw the hornet zombie!
The hornet zombie is severely damaged.
You closely miss the hornet zombie.
The hornet zombie is severely damaged.
The hornet zombie misses you.
You claw the hornet zombie!
The hornet zombie is almost destroyed.
The hornet zombie completely misses you.
You scratch the hornet zombie.
The hornet zombie is almost destroyed.
The hornet zombie hits you!
You die...

'.# #Z# +..
###.#####
#.'.#..∩#
###.#.∩.###
#.'.#...#.#
###.##'##'##+##.#
#.'.Z@..........+
###'#+#'#+#+#+#+#
#.# #.# ### ###


You could see a hornet zombie.

Vanquished Creatures
  Sigmund (D:3)
  Eustachio (D:4)
  A water moccasin (D:5)
  A necrophage (D:3)
  A wyvern zombie (Ossuary)
  A scorpion (D:3)
  A bullfrog zombie (Ossuary)
  A jelly (D:4)
  4 hounds
  Terence (D:3)
  2 iguanas
  Ijyb (D:3)
  3 orc wizards (D:3)
  4 killer bee zombies (Ossuary)
  A howler monkey zombie (Ossuary)
  9 mummies (Ossuary)
  4 gnolls (D:2)
  5 adders
  A worm (D:2)
  4 dart slugs
  9 orcs (D:3)
  2 ball pythons
  6 bats
  7 endoplasms
  A giant cockroach (D:2)
  6 hobgoblins
  5 jackals
  2 quokkas
  3 frilled lizards
  2 goblins
  13 kobolds
  5 rats
108 creatures vanquished.

Vanquished Creatures (others)
  8 withered plants (Ossuary)
8 creatures vanquished.

Grand Total: 116 creatures vanquished

Notes
Turn   | Place    | Note
-------+----------+-------------------------------------------
     0 | D:1      | MisterFreud the Felid Berserker began the quest for the
                  | Orb.
     0 | D:1      | Reached XP level 1. HP: 10/10 MP: 2/2
   186 | D:1      | Reached skill level 1 in Stealth
   296 | D:1      | Reached XP level 2. HP: 8/14 MP: 3/3
  1093 | D:2      | Reached XP level 3. HP: 17/17 MP: 4/4
  1138 | D:2      | Reached ** piety under Trog
  1139 | D:2      | Reached XP level 4. HP: 7/21 MP: 5/5
  1819 | D:2      | Found a faded altar of an unknown god.
  2133 | D:3      | Noticed Ijyb
  2141 | D:3      | Constricted to death by Ijyb
  2142 | D:3      | Reached XP level 3. HP: -3/25 MP: 4/4
  2381 | D:3      | Noticed Sigmund
  2387 | D:3      | Killed Sigmund
  2388 | D:3      | Reached skill level 5 in Unarmed Combat
  2388 | D:3      | Reached XP level 4. HP: 18/21 MP: 5/5
  2388 | D:3      | Reached XP level 5. HP: 21/24 MP: 6/6
  2514 | D:3      | Gained mutation: You are covered in thick fur. (AC +2)
                  | [Felid growth]
  2514 | D:3      | Reached XP level 6. HP: 28/28 MP: 7/7
  2689 | D:3      | Noticed Terence
  2760 | D:3      | Killed Terence
  3030 | D:3      | Reached skill level 5 in Dodging
  3556 | D:3      | Killed Ijyb
  3557 | D:3      | Reached skill level 6 in Dodging
  3974 | D:4      | Reached XP level 7. HP: 30/31 MP: 8/8
  4386 | D:4      | Reached skill level 7 in Dodging
  4815 | D:4      | Noticed Eustachio
  4824 | D:4      | Killed Eustachio
  4825 | D:4      | Reached skill level 8 in Dodging
  5083 | D:5      | Entered Level 5 of the Dungeon
  5239 | D:5      | Reached skill level 9 in Dodging
  5243 | D:5      | Slain by a gnoll
  5244 | D:5      | Reached XP level 6. HP: -2/42 MP: 7/7
  5254 | D:5      | Found a sand-covered staircase.
  5259 | Ossuary  | Entered an ossuary
  5281 | Ossuary  | Reached XP level 7. HP: 14/31 MP: 8/8
  5431 | Ossuary  | Reached skill level 10 in Dodging
  5733 | Ossuary  | Reached *** piety under Trog
  5767 | Ossuary  | Mangled by a hornet zombie

Illustrated notes

Levels and vault maps discovered:
D:1:      amcnicky_arrival_blooded_trapdoor, layout_loops_ring,
          minmay_misc_feat_ornament, dreamdust_wishing_well
D:2:      layout_basic, hellmonk_ecumenical_altar_inner_sanctum
D:3:      layout_basic, uniq_ijyb, uniq_sigmund, uniq_terence
D:4:      layout_cave_pods, uniq_eustachio
D:5:      layout_loops_ring, enter_ossuary_5,
          nicolae_concentric_dashed_squares_wild, uniq_blork_the_orc
Ossuary:  ossuary_zaba_flooded

Skill      XL: |  1  2  3  4  5  6  7 |
---------------+----------------------+-----
Stealth        | 1 2 6 4 |  6.0
Unarmed Combat | 5 6 |  6.0
Dodging        | 6 10 | 10.0
Fighting       | 4 |  4.4

Action                   |  1- 3 |  4- 6 |  7- 9 || total
-------------------------+-------+-------+-------++-------
Melee: Unarmed           |    62 |   142 |   143 ||   347
       Bite              |     9 |    15 |    14 ||    38
       Punch             |     1 |     6 |     7 ||    14
Invok: Berserk           |     2 |     3 |     3 ||     8
       Trog's Hand       |       |     1 |     1 ||     2
  Use: Scroll            |     3 |     2 |     1 ||     6
 Stab: Sleeping          |     8 |     9 |     4 ||    21
       Distracted        |       |       |     1 ||     1
Armor: Skin              |     1 |     1 |     4 ||     6
Dodge: Dodged            |    34 |    73 |   109 ||   216
